 Dungeon Crawl Stone Soup version 0.29.1-15-g9cfb28693d (webtiles) character file.

Game seed: 3960799882746919973

4 monsoonserge the Trooper (level 1, 0/18 HPs)
             Began as a Formicid Abyssal Knight on Apr 27, 2023.
             Was a Believer of Lugonu.
             Slain by a goblin
             ... wielding a +0 club
              (2 damage)
             ... on level 1 of the Dungeon.
             The game lasted 00:00:31 (179 turns).

monsoonserge the Trooper (Formicid Abyssal Knight)   Turns: 179, Time: 00:00:32

Health: 0/18       AC:  3    Str: 17    XL:     1   Next: 66%
Magic:  2/2        EV: 11    Int:  9    God:    Lugonu [**....]
Gold:   34         SH:  0    Dex: 14    Spells: 0/0 levels left

rFire   . . .      SeeInvis +   a - +1 mace
rCold   . . .      Faith    .   (no shield)
rNeg    . . .      Spirit   .   b - +0 leather armour
rPois   .          Reflect  .   (helmet unavailable)
rElec   .          Harm     .   (no cloak)
rCorr   .          Rampage  .   (no gloves)
Will    .....                   (no boots)
Stlth   +.........              (no amulet)
HPRegen 0.06/turn               (no ring)
MPRegen 0.08/turn               (no ring)

@: no status effects
A: permanent stasis, dig shafts and tunnels, antennae 3, four strong arms
a: Dig, Shaft Self, Renounce Religion, Depart the Abyss, Bend Space


You were on level 1 of the Dungeon.
You worshipped Lugonu.
Lugonu was pleased with you.
You visited 1 branch of the dungeon, and saw 1 of its levels.
You visited the Abyss 1 time.

You collected 34 gold pieces.

Inventory:

Hand Weapons
 a - a +1 mace (weapon)
Missiles
 c - 4 atropa-tipped darts
Armour
 b - a +0 leather armour (worn)
Scrolls
 d - a scroll of fog {unknown}
Potions
 e - a potion of berserk rage {unknown}


   Skills:
 + Level 3.6 Fighting
 + Level 2.0 Maces & Flails
 + Level 2.1 Armour
 + Level 0.8 Dodging
 + Level 2.1 Invocations


You couldn't memorise any spells.
You didn't know any spells.
Your spell library was empty.

Dungeon Overview and Level Annotations

Branches:
Dungeon (1/15)

Altars:


Innate Abilities, Weirdness & Mutations

You cannot be hasted, slowed, berserked, paralysed or teleported.
You can dig through walls and to a lower floor.
You have a pair of large antennae on your head. (SInv)
Your four strong arms can wield two-handed weapons with a shield.


Message History

You hit the dart slug.
The dart slug is almost dead.
The dart slug launches a dart at you. The slug dart misses you.
You barely miss the dart slug.
The dart slug is severely wounded.
The dart slug launches a dart at you. The slug dart misses you.
You sock the dart slug!
You kill the dart slug!
Lugonu accepts your kill.
e - a golden potion HP restored. 2 goblins come into view.
The goblin shouts!
The goblin shouts!
You hit the goblin.
The goblin is moderately wounded.
The goblin closely misses you. The goblin misses you.
The goblin hits you but does no damage.
You miss the goblin.
The goblin is moderately wounded.
The goblin hits you with a +0 club. The goblin completely misses you.
You closely miss the goblin.
The goblin is moderately wounded.
The goblin barely misses you. The goblin hits you with a +0 club.
You hit the goblin but do no damage.
The goblin is moderately wounded.
The goblin hits you with a +0 club. The goblin barely misses you.
The goblin hits you with a +0 club. The goblin barely misses you.
You miss the goblin.
The goblin is moderately wounded.
The goblin barely misses you. The goblin hits you with a +0 club.
* * * LOW HITPOINT WARNING * * *
You hit the goblin.
The goblin is severely wounded.
The goblin hits you with a +0 club.
* * * LOW HITPOINT WARNING * * *
The goblin hits you with a +0 club.
You die...

..#....## ##..#########.###
### ....)...## #..#
#####...##...# .###.....#
#..#####....>#†.....## .#
#.....###..#..................
##
##.....#.....##...............
#
#..#..##.......#.##.##....###
# #..#..###...........##.####
## ##.....# ###.##########.#
<# #.....## #..@# #.#
.###.....# #...gg# #.#
..#.....##.........# .#
.......###.##......# .....###
# ##...#.# ###### ##.##.. #.#
.#+ #. .#


You could see 2 goblins.

Vanquished Creatures
  A dart slug (D:1)
  A ball python (D:1)
  A rat (D:1)
3 creatures vanquished.

Notes
Turn   | Place    | Note
-------+----------+-------------------------------------------
     0 | Abyss:1  | monsoonserge the Formicid Abyssal Knight began the quest
                  | for the Orb.
     0 | Abyss:1  | Reached XP level 1. HP: 18/18 MP: 2/2
     1 | D:1      | Escaped the Abyss
   179 | D:1      | Slain by a goblin

Illustrated notes

Levels and vault maps discovered:
D:1:      minmay_arrival_loop, layout_loops_ring,
          hellmonk_ecumenical_altar_slurped_away

Action                   || total
-------------------------++-------
Melee: Mace              ||    12
Armor: Leather armour    ||     1
Dodge: Dodged            ||    11
